Map: 2000 Atmospheres LE

Players

Rhizer - Winner!

  • Race: Protoss Protoss

MCanning

  • Race: Protoss Protoss
  • League: Master

VOD

Have the link to the VOD?

Description

Time

  • Played on: July 24, 2021, 6:05 p.m.
  • Length: 9:29
Show
View Real Time Build Order
Export as new Build Order

Rhizer Protoss - Winner!

Build Orders:  

Get SALT Encoding   

  12  0:00  Probe  
  13  0:12  Probe  
  14  0:17  Pylon  
  14  0:24  Probe (Chrono Boost)  
  15  0:36  Probe (Chrono Boost)  
  15  0:37  Gateway  
  16  0:45  Assimilator, Probe (Chrono Boost)  
  17  0:51  Probe  
  17  0:54  Assimilator  
  18  1:03  Probe (Chrono Boost)  
  19  1:08  Gateway  
  19  1:15  Probe (Chrono Boost)  
  20  1:20  Probe (Chrono Boost)  
  21  1:27  Cybernetics Core  
  21  1:29  Probe  
  22  1:36  Pylon  
  22  1:41  Probe  
  24  1:54  Probe  
  24  2:01  Warp Gate (Chrono Boost)  
  24  2:03  Adept x2  
  24  2:07  Probe  
  29  2:11  Pylon  
  29  2:24  Probe  
  30  2:33  Adept x2  
  34  2:50  Nexus  
  34  3:03  Adept x2  
  37  3:12  Pylon  
  39  3:41  Robotics Facility  
  39  3:43  Probe  
  36  3:49  Adept x2  
  36  3:55  Probe  
  41  4:02  Probe  
  42  4:04  Twilight Council  
  42  4:05  Shield Battery  
  42  4:07  Probe (Chrono Boost)  
  42  4:09  Sentry x2  
  47  4:14  Probe (Chrono Boost)  
  48  4:19  Probe (Chrono Boost)  
  48  4:23  Probe (Chrono Boost)  
  50  4:25  Probe (Chrono Boost)  
  50  4:28  Immortal, Probe (Chrono Boost)  
  56  4:33  Probe  
  56  4:36  Pylon  
  57  4:40  Probe  
  57  4:41  Sentry x2  
  62  4:57  Pylon, Probe x2  
  62  4:58  Pylon  
  62  4:59  Blink  
  64  5:06  Warp Prism (Chrono Boost)  
  64  5:08  Assimilator  
  66  5:20  Probe  
  65  5:21  Stalker x2  
  65  5:23  Probe  
  70  5:32  Probe  
  71  5:35  Probe  
  71  5:38  Gateway  
  71  5:39  Gateway  
  72  5:45  Probe  
  72  5:48  Probe  
  72  5:49  Observer (Chrono Boost)  
  76  5:57  Probe  
  76  5:58  Stalker x2  
  76  6:00  Probe  
  76  6:02  Observer (Chrono Boost)  
  82  6:11  Pylon  
  72  6:24  Probe  
  61  6:28  Immortal (Chrono Boost)  
  61  6:29  Stalker x2  
  59  6:33  Gateway  
  59  6:35  Forge  
  59  6:38  Stalker x2  
  61  6:40  Pylon  
  61  6:43  Shield Battery  
  61  6:52  Stalker x2  
  65  6:58  Immortal (Chrono Boost)  
  68  7:06  Stalker  
  70  7:13  Gateway  
  70  7:17  Stalker  
  70  7:18  Stalker  
  70  7:20  Gateway, Stalker  
  70  7:21  Pylon  
  76  7:31  Warp Prism (Chrono Boost)  
  76  7:35  Stalker  
  76  7:36  Stalker  
  82  7:43  Pylon  
  82  7:54  Stalker  
  82  7:55  Stalker x2  
  88  8:01  Photon Cannon  
  88  8:02  Pylon  
  88  8:07  Photon Cannon  
  84  8:20  Stalker x4  
  84  8:25  Stalker  
  92  8:42  Observer  
  92  8:43  Stalker x2  
  92  8:44  Zealot x2  
  92  8:45  Zealot  
  98  9:03  Stalker x2  
  98  9:05  Stalker  
  98  9:06  Stalker  
  98  9:07  Zealot  
  104  9:23  Stalker x2  
Show
View Real Time Build Order
Export as new Build Order

MCanning Protoss 

Build Orders: Zealot Archon 

Get SALT Encoding   

  12  0:00  Probe  
  13  0:12  Probe  
  14  0:17  Pylon  
  14  0:24  Probe  
  15  0:36  Gateway, Probe (Chrono Boost)  
  16  0:46  Probe (Chrono Boost)  
  16  0:47  Assimilator  
  17  0:51  Probe (Chrono Boost)  
  17  0:55  Assimilator  
  18  1:03  Probe (Chrono Boost)  
  20  1:12  Gateway, Probe (Chrono Boost)  
  20  1:17  Probe (Chrono Boost)  
  21  1:27  Cybernetics Core  
  21  1:30  Probe  
  22  1:38  Pylon  
  22  1:42  Probe  
  23  1:56  Probe  
  24  2:01  Warp Gate (Chrono Boost)  
  24  2:04  Stalker, Sentry  
  28  2:10  Pylon  
  28  2:13  Probe  
  29  2:22  Pylon  
  29  2:25  Probe  
  30  2:30  Stalker  
  30  2:36  Stalker  
  34  2:57  Nexus  
  35  3:07  Shield Battery  
  35  3:11  Shield Battery  
  34  3:17  Probe  
  35  3:24  Shield Battery  
  35  3:26  Pylon  
  35  3:29  Probe  
  36  3:41  Probe (Chrono Boost)  
  36  3:42  Stalker  
  36  3:46  Stalker  
  41  3:53  Probe (Chrono Boost)  
  41  3:54  Twilight Council  
  42  3:58  Probe (Chrono Boost)  
  43  4:09  Adept x2  
  48  4:10  Probe (Chrono Boost)  
  48  4:11  Probe (Chrono Boost)  
  49  4:22  Shield Battery, Probe (Chrono Boost)  
  51  4:24  Probe (Chrono Boost)  
  51  4:27  Probe (Chrono Boost)  
  52  4:32  Probe  
  52  4:33  Stalker  
  52  4:35  Shield Battery, Blink (Chrono Boost)  
  52  4:37  Probe  
  56  4:48  Shield Battery  
  56  4:49  Adept  
  56  4:54  Probe  
  56  4:56  Dark Shrine  
  56  4:59  Probe  
  58  5:01  Shield Battery  
  58  5:06  Probe  
  59  5:10  Pylon, Robotics Facility  
  59  5:11  Probe  
  60  5:19  Pylon, Probe  
  57  5:22  Stalker x2  
  57  5:25  Probe  
  62  5:30  Assimilator  
  62  5:31  Probe  
  63  5:37  Probe  
  64  5:43  Probe  
  64  5:45  Pylon  
  64  5:48  Stalker x2  
  64  5:49  Probe  
  70  5:55  Probe  
  71  5:58  Observer  
  73  6:05  Nexus  
  73  6:06  Pylon  
  73  6:11  Dark Templar x2  
  72  6:16  Probe  
  72  6:18  Probe  
  57  6:29  Probe  
  57  6:30  Probe  
  53  6:37  Robotics Bay  
  53  6:42  Probe (Chrono Boost)  
  53  6:45  Probe (Chrono Boost)  
  55  6:53  Probe (Chrono Boost)  
  57  6:56  Probe (Chrono Boost)  
  57  6:58  Probe (Chrono Boost)  
  58  7:01  Stalker  
  58  7:02  Stalker  
  58  7:05  Probe  
  63  7:08  Probe  
  64  7:18  Probe x2 (Chrono Boost)  
  64  7:20  Shield Battery  
  67  7:23  Disruptor (Chrono Boost)  
  67  7:25  Probe (Chrono Boost)  
  67  7:26  Gateway  
  72  7:30  Probe x2 (Chrono Boost)  
  72  7:35  Probe x2 (Chrono Boost)  
  72  7:43  Gateway  
  72  7:44  Disruptor  
  73  7:46  Dark Templar  
  73  7:47  Dark Templar  
  73  7:50  Probe  
  77  7:52  Archon  
  77  7:53  Shield Battery  
  77  7:54  Shield Battery  
  77  7:58  Disruptor  
  77  8:02  Probe  
  77  8:04  Gateway  
  81  8:08  Assimilator  
  81  8:13  Probe  
  80  8:23  Stalker x3  
  86  8:28  Probe  
  86  8:30  Assimilator  
  86  8:33  Pylon  
  85  8:41  Stalker  
  85  8:43  Disruptor (Chrono Boost)  
  85  8:44  Probe  
  85  8:48  Zealot x3  
  84  9:03  Zealot  
  86  9:10  Gateway  
  86  9:11  Gateway  
  86  9:15  Dark Templar  
  86  9:16  Zealot x3  
Tags
 
Add a new tag
Caveats
  • Supply blocks, unpowered buildings, or Contaminate may cause inaccurate times.
  • Supply counts are checked every 10 seconds.